 Dungeon Crawl Stone Soup version 0.28-a0-479-g5baa6b73be (webtiles) character file.

Game seed: 12894243718299627357

84 TrogsFancyHat the Chopper (level 4, 0/41 HPs)
             Began as a Hill Orc Monk on Sept 17, 2021.
             Succumbed to a scorpion's poison
             ... on level 4 of the Dungeon.
             The game lasted 00:02:20 (2180 turns).

TrogsFancyHat the Chopper (Hill Orc Monk)           Turns: 2180, Time: 00:02:20

Health: 0/41       AC:  4    Str: 19    XL:     4   Next: 45%
Magic:  4/4        EV: 12    Int: 10    God:
Gold:   44         SH:  0    Dex: 10    Spells: 3/3 levels left

rFire   . . .      SeeInvis .   a - +0 hand axe
rCold   . . .      Faith    .   (no shield)
rNeg    . . .      Spirit   .   f - +1 leather armour of Negation {Str+5 Dex-3}
rPois   .          Reflect  .   (no helmet)
rElec   .          Harm     .   (no cloak)
rCorr   .          Rampage  .   (no gloves)
Will    .....                   (no boots)
Stlth   +.........              (no amulet)
HPRegen 0.13/turn               (no ring)
MPRegen 0.09/turn               (no ring)

@: lethally poisoned (0 -> -8)
A: no striking features
a: no special abilities


You were on level 4 of the Dungeon.
You visited 1 branch of the dungeon, and saw 3 of its levels.

You collected 44 gold pieces.

Inventory:

Hand Weapons
 a - a +0 hand axe (weapon)
Armour
 f - the +1 leather armour of Negation (worn) {Str+5 Dex-3}
   (You found it on level 4 of the Dungeon)

   Str:       It affects your strength (+5).
   Dex:       It affects your dexterity (-3).
Scrolls
 c - a scroll of identify
 d - a scroll of brand weapon
 e - a scroll of immolation {unknown}


   Skills:
 + Level 4.4 Fighting
 + Level 5.4 Axes
 + Level 3.0 Dodging
 - Level 1.5 Stealth


You had 3 spell levels left.
You didn't know any spells.
Your spell library was empty.

Dungeon Overview and Level Annotations

Branches:
Dungeon (4/15)
 Temple: D:4-7

Altars:
Qazlal


Message History

Your Dodging skill increases to level 3!
You have reached level 4!
The scorpion stings you.
The scorpion stings you but does no damage.
Unknown command.
Unknown command.
The scorpion closely misses you. The scorpion stings you.
You are poisoned.
The scorpion poisons you!
You feel very sick.
You feel sick.
You feel sick.
You hit the scorpion.
The scorpion is moderately wounded.
You feel sick. The scorpion stings you! The scorpion stings you.
* * * LOW HITPOINT WARNING * * *
You hit the scorpion.
The scorpion is heavily wounded.
You feel sick. The scorpion barely misses you.
You hit the scorpion.
The scorpion is heavily wounded.
You feel sick. The scorpion barely misses you.
You completely miss the scorpion.
The scorpion is heavily wounded.
You feel sick. The scorpion stings you.
* * * LOW HITPOINT WARNING * * *
The scorpion stings you.
* * * LOW HITPOINT WARNING * * *
You are lethally poisoned!
The scorpion poisons you!
You hit the scorpion but do no damage.
The scorpion is heavily wounded.
* * * LOW HITPOINT WARNING * * *
You feel sick. The scorpion stings you.
* * * LOW HITPOINT WARNING * * *
As you read the scroll labelled PIC EXOXZIOF, it crumbles to dust.
It is a scroll of identify.
d - a scroll of brand weapon You die...

#.# ..#.# .##.# .##.# .##.#
# #.##.####
####.###.##....#
.......(>....#.#
.##@###..#.####
##s#....#....# ###
######....#######.# #...
.............#....# #..#
######...###.###.## #..#
##.##☼...°#.# #..#
#.##.....#.# #####..######
#....._....#
.......#....####.##.....###


You could see a scorpion.

Vanquished Creatures
  A hound (D:4)
  3 dart slugs
  2 worms
  A bat (D:1)
  5 endoplasms (D:1)
  A giant cockroach (D:1)
  3 goblins (D:1)
  3 hobgoblins (D:1)
  2 jackals (D:1)
  2 kobolds (D:1)
  5 quokkas (D:1)
  5 ball pythons (D:1)
  2 frilled lizards (D:1)
  4 rats
39 creatures vanquished.

Notes
Turn   | Place    | Note
-------+----------+-------------------------------------------
     0 | D:1      | TrogsFancyHat the Hill Orc Monk began the quest for the
                  | Orb.
     0 | D:1      | Reached XP level 1. HP: 19/19 MP: 1/1
   246 | D:1      | Reached XP level 2. HP: 26/27 MP: 2/2
   606 | D:1      | Reached XP level 3. HP: 7/33 MP: 3/3
  1899 | D:2      | You fall into a shaft and drop 2 floors!
  1922 | D:4      | Reached skill level 5 in Axes
  2098 | D:4      | Found a stormy altar of Qazlal.
  2117 | D:4      | Identified the +1 leather armour of Negation {Str+5 Dex-3}
  2151 | D:4      | Noticed a scorpion
  2154 | D:4      | Reached XP level 4. HP: 30/41 MP: 4/4
  2179 | D:4      | HP: 2/41 [scorpion (1)]
  2180 | D:4      | Succumbed to a scorpion's poison

Illustrated notes

Levels and vault maps discovered:
D:1:      elethiomel_arrival_shortcut, layout_basic
D:2:      layout_basic, serial_shops, shop, lightli_corner_chamber
D:4:      layout_loops_ring, grunt_qazlal_clouds, makhleb_heckhound_becter,
          gammafunk_ghost_smash, amethyst_killhole, uniq_crazy_yiuf_cottage,
          uniq_natasha, uniq_eustachio, uniq_grinder

Skill      XL: |  1  2  3 |
---------------+----------+-----
Fighting       | 4 |  4.4
Axes           | 5 |  5.4
Dodging        | 3 |  3.0
Stealth        | |  1.5

Action                   |  1- 3 |  4- 6 || total
-------------------------+-------+-------++-------
Melee: Hand axe          |   129 |     5 ||   134
  Use: Scroll            |       |     1 ||     1
 Stab: Sleeping          |     5 |       ||     5
Armor: Robe              |    16 |       ||    16
       Leather armour    |     3 |     1 ||     4
Dodge: Dodged            |    84 |     3 ||    87

Table legend: (Time is in decaauts)
 A = Elapsed time spent in this place.
 B = Non-inter-level travel time spent in this place.
 C = Inter-level travel time spent in this place.
 D = Time resting spent in this place.
 E = Time spent auto-exploring this place.
 F = Levels seen in this place.
 G = Mean time per level.
                   A        B        C        D        E       F      G
               +--------+--------+--------+--------+--------+-----+--------+
         Total |   2190 |   2146 |     44 |    162 |   1661 |   3 |  730.0 |
       Dungeon |   2190 |   2146 |     44 |    162 |   1661 |   3 |  730.0 |
               +--------+--------+--------+--------+--------+-----+--------+

Top non-repeatable levels by time:
     D:1: 1727 daAuts
     D:4: 282 daAuts
     D:2: 180 daAuts
